 Dungeon Crawl Stone Soup version 0.17-a0-755-g4391640 (webtiles) character file.

5382 abixa the Carver (level 10, 15/79 HPs)
             Began as a Human Warper on Apr 21, 2015.
             Was an Elder of Makhleb.
             Quit the game on level 11 of the Dungeon on Apr 22, 2015.
             The game lasted 01:14:19 (16655 turns).

abixa the Carver (Human Warper)                    Turns: 16655, Time: 01:14:19

Health: 15/79      AC: 11    Str: 12    XL:     10   Next: 98%
Magic:  16/22      EV: 11    Int: 17    God:    Makhleb [****..]
Gold:   537        SH:  0    Dex: 12    Spells: 3 memorised, 8 levels left

rFire  . . .     SeeInvis .     n - +0 blowgun
rCold  + . .     Clarity  .     m - +0 ring mail
rNeg   . . .     SustAb   .     (no shield)
rPois  .         Gourm    .     (no helmet)
rElec  .         Spirit   .     u - +0 cloak
rCorr  .         Warding  .     F - +1 pair of gloves
rMut   +         Stasis   .     h - +2 pair of boots
MR     .....                    j - amulet of resist mutation
Stlth  +.........               K - ring of protection from cold
                                o - ring of magical power

@: mildly poisoned (15 -> 14), very slightly contaminated, not resistant to
hostile enchantments, very unstealthy
A: no striking features
a: Minor Destruction, Lesser Servant of Makhleb, Major Destruction, Renounce
Religion


You were on level 11 of the Dungeon.
You worshipped Makhleb.
Makhleb was greatly pleased with you.
You were hungry.

You visited 2 branches of the dungeon, and saw 12 of its levels.

You collected 537 gold pieces.

Inventory:

Hand weapons
 a - a +0 long sword
 b - a +0 hunting sling
 n - a +0 blowgun (weapon)
 x - a +0 halberd
 X - the +5 rapier "Death Rattle" {pierce, rPois Str+3}
   (You found it on level 9 of the Dungeon)

   It inflicts extra damage upon your enemies.
   It affects your strength (+3).
   It protects you from poison.
Missiles
 e - 5 tomahawks of dispersal
 k - 325 stones
 p - 73 sling bullets
 B - 3 poisoned sling bullets
 C - 8 poisoned needles (quivered)
 Q - 2 tomahawks of returning
 S - 3 javelins
 Z - 6 needles of sleeping
Armour
 h - a +2 pair of boots (worn)
 m - a +0 ring mail (worn)
 u - a +0 cloak (worn)
 F - a +1 pair of gloves (worn)
Jewellery
 j - an amulet of resist mutation (around neck)
 o - a ring of magical power (left hand)
 s - an uncursed ring of sustain abilities
 K - a ring of protection from cold (right hand)
 P - an uncursed ring of teleportation
Magical devices
 r - a wand of draining (0)
 T - a wand of polymorph (8)
 U - a wand of confusion (8)
Scrolls
 d - a scroll of blinking
 g - a scroll of identify
 t - 2 scrolls of amnesia {unknown}
 v - 4 scrolls of teleportation
 w - 2 scrolls of enchant weapon {unknown}
 y - a scroll of silence {unknown}
 z - 3 scrolls of fog {unknown}
 A - 2 scrolls of noise {unknown}
 D - 2 scrolls of recharging {unknown}
 J - 5 scrolls of remove curse
Potions
 l - 2 potions of invisibility
 q - a potion of lignification
 G - 3 potions of might
 H - a potion of berserk rage
 L - a potion of brilliance
 M - 2 potions of agility
 O - a potion of restore abilities
 R - 2 potions of cancellation {unknown}
 V - 2 potions of mutation {unknown}
 W - a potion of poison {unknown}
Books
 c - a book of Spatial Translocations

   Spells                             Type                      Level
   a - Apportation                    Translocation                1
   b - Blink                          Translocation                2
   c - Shroud of Golubria             Charms/Translocation         2
   d - Portal Projectile              Translocation                3
   e - Teleport Other                 Translocation                3
   f - Passage of Golubria            Translocation                4
Comestibles
 f - 9 bread rations
 i - 4 fruits
 E - 7 meat rations
 I - a beef jerky
 N - 3 slices of pizza
 Y - a royal jelly


   Skills:
 - Level 7.0 Fighting
 - Level 12.0 Long Blades
 - Level 1.0 Throwing
 - Level 1.0 Armour
 - Level 2.0 Dodging
 - Level 2.0 Spellcasting
 + Level 5.3 Charms
 + Level 5.2 Translocations


You had 8 spell levels left.
You knew the following spells:

 Your Spells              Type           Power        Failure   Level  Hunger
a - Apportation           Tloc           ###.......   6%          1    #......
b - Blink                 Tloc           N/A          10%         2    ###....
c - Shroud of Golubria    Chrm/Tloc      ###.......   10%         2    ###....


Dungeon Overview and Level Annotations

Branches:
Dungeon (11/15)            Temple (1/1) D:6            Lair (0/8) D:9
    Orc: D:9-12

Altars:
Ashenzari
Cheibriados
Dithmenos
Elyvilon
Fedhas
Gozag
Kikubaaqudgha
Makhleb
Nemelex Xobeh
Okawaru
Qazlal
Ru
Sif Muna
Trog
Vehumet
Xom
Yredelemnul
Zin
The Shining One
Jiyva

Annotations:
D:4 WildSam's ghost, experienced DsWn
D:5 barthelme's ghost, average GrBe
D:8 exclusion: upstairs
D:10 Maud


Message History

Okay, then.
Unknown command.
Read which item? (? for menu, Esc to quit)
Blink to where?
Press: ? - help, Dir - move target cursor, p - Maud
As you read the scroll of blinking, it crumbles to dust.
You feel sick.
You climb downwards.
You hear the roar of battle.
There is an entrance to a bailey on this level.
Hurry and find it before the portal closes forever!
A two-headed ogre and a hungry ghost come into view.
You feel sick.
There is a stone staircase leading up here.
Casting: Blink
Confirm with . or Enter, or press ? or * to list all spells.
You blink.
A deep elf mage comes into view. It is wielding a rapier.
The deep elf mage shouts!
The deep elf mage hits you but does no damage.
Are you sure you want to abandon this character and quit the game? (Confirm with "yes".)

.... #.....# #
##.....# ..
####......#####.##
#................##
#.........O.........
#..........W.....#
#.......#########
#...@e.# ########


You could see a hungry ghost, a two-headed ogre and a deep elf mage.

Vanquished Creatures
  A small abomination (D:9)
  A troll (D:10)
  A deep elf priest (D:9)
  2 two-headed ogres
  2 wyverns (D:9)
  A mottled dragon (D:8)
  A swamp drake (D:9)
  A sky beast (D:9)
  5 ogres
  5 ice beasts
  A crocodile (D:9)
  A giant frog (D:6)
  3 scorpions
  11 killer bees
  2 wights (D:7)
  3 crimson imps
  A giant frog skeleton (D:4)
  7 iguanas
  An orc priest (D:8)
  3 centaur skeletons
  5 hounds
  2 quasits
  Terence (D:3)
  6 orc wizards
  6 worker ants
  A killer bee zombie (D:8)
  2 hound skeletons
  3 worker ant zombies
  10 adders
  8 gnolls
  A shadow imp (D:10)
  An adder skeleton (D:4)
  4 worms
  7 giant geckos
  45 orcs
  3 bat skeletons
  5 giant cockroaches
  13 goblins
  20 hobgoblins
  4 jackals
  3 quokkas
  A ball python (D:1)
  15 bats
  A giant gecko zombie (D:6)
  7 giant newts
  A giant spore (D:8)
  19 kobolds
  A quokka skeleton (D:6)
  15 rats
  4 ballistomycetes (D:8)
267 creatures vanquished.

Vanquished Creatures (others)
  An orc wizard (D:8)
  An orc (D:8)
2 creatures vanquished.

Grand Total: 269 creatures vanquished

Notes
Turn   | Place    | Note
--------------------------------------------------------------
     0 | D:1      | abixa, the Human Warper, began the quest for the Orb.
     0 | D:1      | Reached XP level 1. HP: 16/16 MP: 3/3
   338 | D:1      | Reached XP level 2. HP: 22/22 MP: 5/5
   363 | D:1      | Learned a level 2 spell: Blink
  1199 | D:1      | Reached XP level 3. HP: 27/27 MP: 6/6
  2269 | D:1      | Reached XP level 4. HP: 18/33 MP: 7/7
  2948 | D:2      | Reached skill level 4 in Long Blades
  3374 | D:2      | Found a deep blue altar of Sif Muna.
  3476 | D:3      | Reached XP level 5. HP: 28/38 MP: 7/8
  3482 | D:3      | Learned a level 2 spell: Shroud of Golubria
  3641 | D:3      | Noticed Terence
  4114 | D:3      | Reached skill level 1 in Charms
  4245 | D:3      | Found a radiant altar of Vehumet.
  4289 | D:3      | Killed Terence
  4540 | D:3      | Reached XP level 6. HP: 44/44 MP: 9/9
  4863 | D:4      | Found a burning altar of Makhleb.
  4864 | D:4      | Found a shimmering altar of Xom.
  5401 | D:4      | Became a worshipper of Makhleb the Destroyer
  5612 | D:4      | Reached skill level 5 in Long Blades
  5799 | D:4      | Found a glowing golden altar of the Shining One.
  6044 | D:4      | Noticed WildSam's ghost (experienced DsWn)
  6139 | D:4      | Reached XP level 7. HP: 29/50 MP: 10/10
  6521 | D:4      | Found a bloodstained altar of Trog.
  6606 | D:4      | Acquired Makhleb's first power
  7287 | D:5      | Entered Level 5 of the Dungeon
  7288 | D:5      | Upgraded the game from 0.17-a0-744-gaa96792 to 0.17-a0-755-g4391640
  7515 | D:5      | Found a glowing silver altar of Zin.
  7798 | D:5      | Noticed barthelme's ghost (average GrBe)
  8048 | D:5      | Found a shadowy altar of Dithmenos.
  8080 | D:5      | Reached skill level 6 in Long Blades
  8954 | D:6      | Acquired Makhleb's second power
  9004 | D:6      | Reached XP level 8. HP: 47/56 MP: 11/11
  9405 | D:6      | Found a staircase to the Ecumenical Temple.
  9415 | Temple   | Entered the Ecumenical Temple
  9544 | D:6      | Reached skill level 7 in Long Blades
  9759 | D:6      | Found an opulent altar of Gozag.
 10298 | D:6      | Reached skill level 5 in Charms
 10504 | D:6      | Found a blossoming altar of Fedhas.
 10512 | D:6      | Reached skill level 5 in Translocations
 10696 | D:7      | Found a white marble altar of Elyvilon.
 11397 | D:7      | Acquired Makhleb's third power
 11635 | D:7      | Reached skill level 8 in Long Blades
 11635 | D:7      | Reached XP level 9. HP: 61/63 MP: 12/12
 11694 | D:7      | Got a crude robe
 11803 | D:7      | Identified the +1 robe of Misanthropy {rPois Dex+2 Slay-6} (You found it on level 7 of the Dungeon)
 11889 | D:7      | Found an ancient bone altar of Kikubaaqudgha.
 12746 | D:8      | Reached skill level 9 in Long Blades
 13081 | D:8      | Found an iron altar of Okawaru.
 13609 | D:8      | Reached skill level 5 in Fighting
 13902 | D:9      | Acquired Makhleb's fourth power
 14007 | D:9      | Found a stormy altar of Qazlal.
 14007 | D:9      | Noticed a deep elf priest
 14024 | D:9      | Killed a deep elf priest
 14024 | D:9      | Reached skill level 10 in Long Blades
 14024 | D:9      | Reached XP level 10. HP: 76/76 MP: 13/13
 14669 | D:9      | Got a polished chain mail
 14693 | D:9      | Identified the +2 chain mail "Etoilap" {rCorr Str+4 Slay-3} (You found it on level 9 of the Dungeon)
 14804 | D:9      | Reached skill level 11 in Long Blades
 14817 | D:9      | Got a dazzling rapier
 14818 | D:9      | Identified the +5 rapier "Death Rattle" {pierce, rPois Str+3} (You found it on level 9 of the Dungeon)
 14827 | D:9      | Found a staircase to the Lair.
 15108 | D:10     | Entered Level 10 of the Dungeon
 16321 | D:10     | Reached skill level 12 in Long Blades
 16617 | D:10     | Noticed Maud
 16655 | D:11     | Quit the game

Action                   |  1- 3 |  4- 6 |  7- 9 | 10-12 || total
-------------------------+-------+-------+-------+-------++-------
Melee: Falchion          |   112 |   291 |   350 |       ||   753
       Dagger            |       |     1 |       |       ||     1
       Long sword        |       |       |   184 |   137 ||   321
       Rapier            |       |       |       |    66 ||    66
 Fire: Hunting sling     |    35 |   188 |   190 |    46 ||   459
       Blowgun           |       |       |    65 |    27 ||    92
Throw: Stone             |    40 |     1 |       |       ||    41
 Cast: Blink             |       |    21 |     6 |    20 ||    47
       Shroud of Golubri |       |     4 |    16 |     7 ||    27
Evoke: Wand              |       |       |       |    14 ||    14
  Use: Scroll            |       |     6 |     6 |     2 ||    14
       Potion            |       |       |     1 |     1 ||     2
 Stab: Invisible         |       |     6 |       |       ||     6
       Sleeping          |       |       |     1 |       ||     1
  Eat: Chunk             |     3 |    16 |    28 |     9 ||    56
